Cogmind - Beta 13 @@@ ROGUE MODE // 2024.04.21 @ 21:47:46 Player: Ashlemon Result: Destroyed by G-34 Mercenary with Small Laser Performance ------------- Evolutions (0) 0 Regions Visited (2) 400 Robots Destroyed (11) 55 Value Destroyed (198) 198 Prototype IDs (0) 0 Alien Tech Used (0) 0 Bonus (0) 0 TOTAL SCORE: 653 Bonus ------- None Cogmind --------- Core Integrity 0/250 Matter 300/300 Energy 99/100 System Corruption 0% Temperature Cool (6) Movement Core (100) Ox1 Location -10/Mines Parts ------- > --- POWER (1) -------- (None) > --- PROPULSION (2) --- (None) > --- UTILITY (2) ------ Small Storage Unit > --- WEAPON (2) ------- (None) > --- INVENTORY (8) ---- Hover Unit Hover Unit Hover Unit Hover Unit Signal Interpreter ECM Suite Peak State ------------ > --- POWER ------------ Light Ion Engine > --- PROPULSION ------- Wheel Wheel > --- UTILITY ---------- Small Storage Unit Improved Terrain Scanner > --- WEAPON ----------- Light Assault Rifle Grenade Launcher > --- INVENTORY -------- Hover Unit Hover Unit Hover Unit Hover Unit Seismic Detector ECM Suite Small Laser [Rating: 9] Favorites ----------- Power Light Ion Engine Engine Light Ion Engine Propulsion Wheel Leg Aluminum Leg Wheel Wheel Utility Small Storage Unit Device ECM Suite Storage Small Storage Unit Weapon Light Assault Rifle Energy Gun EM Pulse Gun Ballistic Gun Light Assault Rifle Launcher Grenade Launcher Build | -11 -10 -10 ------- Run | Yrd Mat Min Slots Evolved . | . . . Power . | . . . Propulsion . | . . . Utility . | . . . Weapon . | . . . Parts Attached 20 | 6 11 3 Power 3 | 1 2 . Engine 3 | 1 2 . Core . | . . . Reactor . | . . . Propulsion 6 | 2 2 2 Treads . | . . . Leg 2 | . . 2 Wheel 4 | 2 2 . Hover . | . . . Flight . | . . . Utility 4 | 1 3 . Device 3 | . 3 . Storage 1 | 1 . . Processor . | . . . Hackware . | . . . Protection . | . . . Artifact . | . . . Weapon 7 | 2 4 1 Energy Gun 2 | 1 . 1 Energy Cannon . | . . . Ballistic Gun 3 | 1 2 . Ballistic Cannon . | . . . Launcher 2 | . 2 . Special Weapon . | . . . Impact Weapon . | . . . Slashing Weapon . | . . . Piercing Weapon . | . . . Special Melee Weapon . | . . . Unidentified Prototypes . | . . . Parts Lost 11 | . 4 7 Power 2 | . 1 1 Propulsion 4 | . . 4 Utility 2 | . 1 1 Weapon 3 | . 2 1 Highest Loss Streak 4 | . 3 4 To Critical Strikes . | . . . Average Slot Usage (%) 71 | . 87 38 Engine 9 | . 11 3 Leg 2 | . . 7 Wheel 19 | . 26 4 Device 8 | . 11 1 Storage 14 | . 14 14 Energy Gun 4 | . 2 8 Ballistic Gun 7 | . 10 . Launcher 5 | . 8 . Naked Turns . | . . . Heaviest Build 14 | 11 14 10 Greatest Support 20 | 20 20 20 Greatest Overweight (x) 1 | . 1 1 Average Overweight (x) . | . . . Largest Inventory Capacity 8 | 8 8 8 Average Capacity 7 | 6 8 8 Most Carried 8 | 6 8 6 Average Carried 6 | 3 7 6 Final Capacity 8 | 8 8 8 Final Carried 7 | 6 7 6 Class Distribution -------------------- 100% | Mutant Dominant Class ---------------- Mutant | -10/Materials Mutant | -10/Mines Resources | -11 -10 -10 ----------- Run | Yrd Mat Min Matter Collected 298 | 232 17 49 Remotely . | . . . Salvage Created 120 | . 71 49 Parts 13 | . 11 2 Haulers Intercepted . | . . . Recyclers Shooed . | . . . Parts Field Recycled . | . . . Retrieved Matter . | . . . Parts Self-Destructed . | . . . Prevented . | . . . Kills | -11 -10 -10 ------- Run | Yrd Mat Min Combat Hostiles Destroyed 9 | . 8 1 Guns 1 | . . 1 AOE 8 | . 8 . Classes Destroyed 4 | . 4 . Tunneler 1 | . 1 . Watcher 1 | . 1 . Swarmer 6 | . 6 . Grunt 3 | . 2 1 Best Kill Streak 6 | . 6 1 Combat Bots Only 5 | . 5 1 Max Kills in Single Turn 2 | . 2 1 Gunslinging . | . . . Exploded 2 | . 2 . Melee . | . . . Uniques/NPCs Destroyed . | . . . Combat | -11 -10 -10 -------- Run | Yrd Mat Min Hostile Shots Fired 95 | . 40 55 Missed 23 | . 11 12 Damage Taken 866 | . 323 543 Core 252 | . 60 192 Absorbed by Shields . | . . . Core Remaining (%) 100 | 100 . . Volleys Fired 31 | . 9 22 Largest 2 | . 2 1 Hottest 50 | . 50 40 Shots Fired 38 | . 16 22 Gun 31 | . 9 22 Cannon . | . . . Launcher 7 | . 7 . Special . | . . . Kinetic 9 | . 9 . Thermal 22 | . . 22 Explosive 7 | . 7 . Electromagnetic . | . . . Robot Hit Streak 12 | . 5 12 Robot Miss Streak 3 | . 3 2 Penetration Max . | . . . Secondary Targets . | . . . Shots Hit Robots 24 | . 8 16 Core Hits 24 | . 14 10 Critical Kills . | . . . Critical Parts Destroyed . | . . . Critical Strikes . | . . . Melee Attacks . | . . . Impact . | . . . Slashing . | . . . Piercing . | . . . Sneak Attacks . | . . . Combat Hostiles . | . . . Follow-up Attacks . | . . . Damage Inflicted 806 | . 572 234 Guns 209 | . 33 176 Cannons . | . . . Explosions 539 | . 539 . Melee . | . . . Ramming 58 | . . 58 Kinetic 33 | . 33 . Thermal 176 | . . 176 Explosive 539 | . 539 . Electromagnetic . | . . . Impact . | . . . Slashing . | . . . Piercing . | . . . Highest Corruption . | . . . Average Corruption . | . . . Corruption Purged . | . . . Corruption Blocked . | . . . Overload Shots . | . . . Overflow Damage 42 | . 42 . Projectiles . | . . . Explosions 42 | . 42 . Melee . | . . . Knockbacks . | . . . Impact . | . . . Kinetic . | . . . Secondary . | . . . Self-Inflicted Damage 19 | . 16 3 Shots 1 | . 1 . Rammed 3 | . . 3 Targets Rammed 40 | . . 40 Kicked 37 | . . 37 Crushed . | . . . Highest Temperature 22 | . 22 15 Average Temperature 7 | . 11 5 Received Heat Transfer 426 | . 126 300 Siege Activations . | . . . Robots Corrupted . | . . . Combat Hostiles . | . . . Parts Fried . | . . . Impact Corruptions . | . . . Robots Melted . | . . . Combat Hostiles . | . . . Parts Melted . | . . . Heat Transferred 400 | . . 400 Parts Sabotaged . | . . . Parts Stolen . | . . . Parts Stripped . | . . . Power Chain Reactions . | . . . Alert | -11 -10 -10 ------- Run | Yrd Mat Min Peak Influence 251 | . 251 103 Initial 103 | . . 103 Average 70 | . 86 79 Maximum Alert Level 1 | . 1 . Low Security (%) 85 | 100 74 100 Level 1 14 | . 25 . Level 2 . | . . . Level 3 . | . . . Level 4 . | . . . Level 5 . | . . . High Security . | . . . Max Security . | . . . Squads Dispatched 2 | . 2 . Investigation . | . . . Extermination . | . . . Reinforcement 2 | . 2 . Assault . | . . . Garrison . | . . . Intercept . | . . . Searches Triggered . | . . . Construction Impeded . | . . . Haulers Reinforced . | . . . Active Scanning Responses . | . . . Cargo Convoy Interrupts . | . . . Stealth | -11 -10 -10 --------- Run | Yrd Mat Min Distress Signals 1 | . 1 . Communications Jammed . | . . . Distress Signals . | . . . Times Spotted 18 | . 16 2 Peak Tracking Total 5 | . 5 2 Tactical Retreats 2 | . 2 . Traps | -11 -10 -10 ------- Run | Yrd Mat Min Traps Triggered 2 | . 2 . Indirectly . | . . . Trap Hack Attempts . | . . . Triggered . | . . . Disarmed . | . . . Reprogrammed . | . . . Reused . | . . . Traps Extracted . | . . . Installed . | . . . Triggered . | . . . Machines | -11 -10 -10 ---------- Run | Yrd Mat Min Machines Disabled . | . . . Max in Single Turn . | . . . Machines Repaired . | . . . Machines Dismantled . | . . . Machines Sabotaged . | . . . Overloaded Fab Kills . | . . . Hacking | -11 -10 -10 --------- Run | Yrd Mat Min Machines Accessed . | . . . Terminals . | . . . Fabricators . | . . . Repair Stations . | . . . Recycling Units . | . . . Scanalyzers . | . . . Garrison Access . | . . . Total Hacks . | . . . Successful . | . . . Failed . | . . . Catastrophic . | . . . Database Lockouts . | . . . Manual . | . . . Terminals . | . . . Fabricators . | . . . Repair Stations . | . . . Recycling Units . | . . . Scanalyzers . | . . . Garrison Access . | . . . Terminal Hacks . | . . . Fabricator Hacks . | . . . Repair Station Hacks . | . . . Recycling Unit Hacks . | . . . Scanalyzer . | . . . Garrison Access Hacks . | . . . Unauthorized Hacks . | . . . Terminals . | . . . Fabricators . | . . . Repair Stations . | . . . Recycling Units . | . . . Scanalyzers . | . . . Garrison Access . | . . . Data Cores Recovered . | . . . Used . | . . . Hacking Detections . | . . . Full Trace Events . | . . . Feedback Events . | . . . Feedback Blocked . | . . . Robot Schematics Acquired . | . . . Robots Built . | . . . Authchips . | . . . Time . | . . . Total Robot Build Rating . | . . . Part Schematics Acquired . | . . . Parts Built . | . . . Authchips . | . . . Time . | . . . Total Part Build Rating . | . . . Parts Repaired . | . . . Time . | . . . Parts Recycled . | . . . Recycled Matter . | . . . Retrieved Matter . | . . . Retrieved Components . | . . . Parts Scanalyzed . | . . . Part Schematics Acquired . | . . . Parts Damaged . | . . . Bothacking | -11 -10 -10 ------------ Run | Yrd Mat Min Used RIF Installer . | . . . Robots Hacked . | . . . Non-combat . | . . . Combat . | . . . Robot Hacks Applied . | . . . Relay Couplers Released . | . . . Fabnet Peak Effective % . | . . . Robots Rewired . | . . . Allies Hacked . | . . . Hacks Repelled . | . . . Allies | -11 -10 -10 -------- Run | Yrd Mat Min Total Allies . | . . . Largest Group . | . . . Highest-Rated Group . | . . . Highest-Rated Ally . | . . . Total Orders . | . . . Ally Attacks . | . . . Total Damage . | . . . Kills . | . . . Allies Corrupted . | . . . Allies Melted . | . . . Intel | -11 -10 -10 ------- Run | Yrd Mat Min Robot Analysis Total . | . . . Derelict Logs Recovered . | . . . Drone Launches . | . . . Drone Recoveries . | . . . Exploration | -11 -10 -10 ------------- Run | Yrd Mat Min Turns Passed 451 | 76 260 115 Spaces Moved 360 | 77 258 25 Core 3 | 1 . 2 Treads . | . . . Legs . | . . . Wheels 357 | 76 258 23 Hover . | . . . Flight . | . . . Fastest Speed 50 | 50 80 80 Average Speed 80 | 79 80 81 Slowest Speed 100 | 80 95 100 Overloaded Moves . | . . . Propulsion Burnouts . | . . . Robots Hopped . | . . . Cave-ins Triggered . | . . . Exploration Rate (%) 17 | 4 39 8 Regions Visited 2 Branch Regions 1 Pre-discovered Areas . | . . . Known Exits Taken . | . . . Unknown Exits Taken 2 | 1 1 . Scrap Searched . | . . . Spaces Dug . | . . . Terrain Destroyed 28 | . 28 . Melee . | . . . Projectile . | . . . AOE 28 | . 28 . Terrain Rammed . | . . . Walls Destroyed . | . . . Machines Disabled . | . . . Actions | -11 -10 -10 --------- Run | Yrd Mat Min Total 474 | 88 296 90 Wait . | . . . Move 358 | 76 257 25 Hop . | . . . Pick Up 17 | 6 11 . Fast Attach 15 | 6 7 2 Attach 3 | . 2 1 Detach . | . . . Swap 2 | . 2 . Drop 8 | . 8 . Fire 31 | . 9 22 Melee . | . . . Ram 3 | . . 3 Kick 37 | . . 37 Crush . | . . . Escape Stasis . | . . . Rewire . | . . . Trap . | . . . Miscellaneous . | . . . Route ------- -11/Scrapyard -10/Materials -10/Mines History --------- Turn | Location | Event 14 | -11/Scrapyard | Discovered new exit (range 14) 77 | -11/Scrapyard | Entered Materials 139 | -10/Materials | Discovered new exit (range 15) 310 | -10/Materials | Build established: Mutant 312 | -10/Materials | Lost 3 parts (1u2w) 337 | -10/Materials | Entered Mines 391 | -10/Mines | Core integrity fell below 50% 396 | -10/Mines | Lost 4 parts (1p2n1u) 423 | -10/Mines | Core integrity fell below 20% 452 | -10/Mines | Destroyed by G-34 Mercenary with Small Laser Last Messages --------------- T-07 Excavator is excavating. Kicked G-34 Mercenary out of the way. Kicked G-34 Mercenary. Kicked G-34 Mercenary out of the way. Kicked G-34 Mercenary. Kicked G-34 Mercenary out of the way. Kicked G-34 Mercenary. Kicked G-34 Mercenary out of the way. Kicked G-34 Mercenary. Aluminum Leg destroyed. Kicked G-34 Mercenary. Kicked G-34 Mercenary out of the way. Kicked G-34 Mercenary. Kicked G-34 Mercenary out of the way. Kicked G-34 Mercenary. Aluminum Leg destroyed. Slammed into G-34 Mercenary. Destabilizing: Core damaged (-2). Slammed into G-34 Mercenary. T-07 Excavator is excavating. Map ----- +----------------------------------------------------+ | | | | | | | | | | | ??????????????????????????????????????????? | | ??????????????????????????????????????????? | | ??????????????????????????????????????????? | | ??????????????????????????????????????????? | | ??????????????????????????????????????????? | | ??????????????????????????????????????????? | | ??????????????????????????????????????????? | | ??????????????????????????????????????????? | | ??????????????????????????????????????????? | | ??????????????????????????????????????????? | | ??????????????????????????????????????????? | | ??????????????????????????????????????????? | | ??????????????????????????????????????????? | | ??????????????????????????????????????????? | | ??????????????????????????????????????????? | | ??????????????????????????????????????????? | | ??????????????????????????????????????????? | | ??????????????????????????????????????????? | | ???????????# ######??????????????????????? | | ???????????# g%#??????????????????????? | | ???????????## ####@#??????????????????????? | | ?????????????????#%#??????????????????????? | | ?????????????????# #??????????????????????? | | ?????????????????# #??????????????????????? | | ?????????????????# #??????????????????????? | | ?????????????????# ###########????????????? | | ?????????????????# ## ### ## ??? | | ?????????????????# ## ??????? | | ?????????????????# ## #????????????? | | ????????# #### ## #????????????? | | ????????# #????????????? | | ?????????# ### ## #????????????? | | ?????????????????# ## #????????????? | | ?????????????##### ###########????????????? | | ?????????????# #??????????????????????? | | ?????????????# #####??????????????????????? | | ?????????????# #??????????????????????????? | | ?????????????# #??????????????????????????? | | ?????????????# ??????????????????????????? | | ?????????????# #??????????????????????????? | | ?????????????###??????????????????????????? | | ??????????????????????????????????????????? | | ??????????????????????????????????????????? | | ??????????????????????????????????????????? | | ??????????????????????????????????????????? | +----------------------------------------------------+ Best States ------------- Heat Dissipation 25 Energy Generation 10 Energy Capacity 125 Matter Stores 300 Matter Capacity 300 Sight Range 16 Terrain Scan Range 16 Terrain Scan Density 10 ECM Strength 1 Evasion (%) 44 Item Schematics ----------------- None Robot Schematics ------------------ None Fabricated ------------ Nothing Alien Tech Used ----------------- None Achievements -------------- None Challenges ------------ None Game ------ Seed DataMasterPlating Manual? 0 Play Time 00:05:23 Cumulative 6.2 hours Start 2024.04.21 @ 21:42:28 End 2024.04.21 @ 21:47:46 Sessions 1 Manual Loads 0 Difficulty Rogue Special Mode None Game No. 15 Rogue 15 Adventurer 0 Explorer 0 Win Type - Total 0 Types 0/0/0/0/0/0/0/0/0 Lore% 4 Gallery% 14 Achievement% 11 Wizard Run 0 Options --------- Layout 1 ASCII 0 Keyboard 1 Movement Arrows Keybinds 0 Fullscreen 1 Font 24/Smallcaps Map View 50x35 Zoom Use 0% Tactical HUD 0 Map Filters NONE Filters NONE Steam 1 RUN: a11da53e-8038-4e30-8897-6392f4b1eff2